 Dungeon Crawl Stone Soup version 0.18.1-50-g88ac8fd (webtiles) character file.

226 recordrepeat the Shield-Bearer (level 6, -2/53 HPs)
             Began as a Hill Orc Fighter on Oct 29, 2016.
             Slain by Natasha (7 damage)
             ... on level 3 of the Dungeon.
             The game lasted 00:07:52 (3455 turns).

recordrepeat the Shield-Bearer (Hill Orc Fighter)   Turns: 3455, Time: 00:07:53

Health: -2/53      AC: 10    Str: 20    XL:     6   Next: 1%
Magic:  6/6        EV:  6    Int:  8    God:
Gold:   147        SH:  9    Dex: 11    Spells: 0 memorised, 5 levels left

rFire  . . .     SeeInvis .     a - +0 war axe
rCold  . . .     Gourm    .     t - +0 chain mail
rNeg   . . .     Faith    .     c - +0 shield
rPois  .         Spirit   .     q - +0 helmet
rElec  .         Dismiss  .     (no cloak)
rCorr  .         Reflect  .     (no gloves)
SustAt .         Harm     .     (no boots)
MR     .....                    (no amulet)
Stlth  ..........               (no ring)
                                (no ring)

@: not resistant to hostile enchantments, extremely unstealthy
A: no striking features
a: no special abilities


You were on level 3 of the Dungeon.
You were hungry.

You visited 1 branch of the dungeon, and saw 3 of its levels.

You collected 147 gold pieces.

Inventory:

Hand Weapons
 a - a +0 war axe (weapon)
Armour
 c - a +0 shield (worn)
 q - a +0 helmet (worn)
 t - a +0 chain mail (worn)
Wands
 s - a wand of flame (25/48)
Scrolls
 e - a scroll of blinking {unknown}
 g - 2 scrolls of identify {unknown}
 h - a scroll of fog {unknown}
 i - a scroll of immolation {unknown}
 k - 2 scrolls of remove curse
 l - a scroll of magic mapping {unknown}
 n - a scroll of noise {unknown}
 o - a scroll of teleportation {unknown}
 p - 2 scrolls of amnesia {unknown}
 v - a scroll of random uselessness {unknown}
Potions
 b - a potion of brilliance {unknown}
 d - 2 potions of might
 m - a potion of curing {unknown}
 r - a potion of cancellation {unknown}
 u - a potion of degeneration {unknown}
Comestibles
 f - a bread ration


   Skills:
 + Level 4.4 Fighting
 + Level 4.2 Axes
 + Level 4.3 Armour
 + Level 1.2 Dodging
 + Level 4.8 Shields


You had 5 spell levels left.
You didn't know any spells.

Dungeon Overview and Level Annotations

Branches:
Dungeon (3/15)

Altars:
Makhleb
Pakellas
Vehumet
Xom

Annotations:
D:3 Grinder, Natasha


Message History

You hit Natasha.
Natasha is severely wounded.
You block Natasha's attack.
The crimson imp laughs crazily.
You closely miss Natasha.
Natasha is severely wounded.
The crimson imp blinks!
Natasha claws you but does no damage.
You completely miss Natasha.
Natasha is severely wounded.
You block Natasha's attack.
The crimson imp blinks!
Natasha claws you.
* * * LOW HITPOINT WARNING * * *
You hit Natasha.
Natasha is almost dead.
The white imp disappears in a puff of smoke!
Natasha claws you.
* * * LOW HITPOINT WARNING * * *
You hit Natasha but do no damage.
Natasha is almost dead.
Natasha claws you!
You die...

## # ..# .# #.#
#'## #.#. #...#
#.## #..... #
#..## #...... ##
##..5####...>...
####.
#...5h@.'.......
+....
##...####.......
##. #..##
#...... ## #.##
#..... # #..#
#...# # ##.#
#+## # #.# # #.#
# # #.# ##. ## #


You could see Grinder, Natasha and a crimson imp.

Vanquished Creatures
  An orc wizard (D:3)
  Natasha (D:3)
  Robin (D:3)
  3 gnolls (D:2)
  3 adders (D:2)
  An ooze (D:1)
  2 worms
  3 dart slugs
  5 giant geckos
  4 orcs (D:3)
  A ball python (D:2)
  2 giant cockroaches
  18 goblins
  9 hobgoblins
  2 jackals (D:1)
  3 quokkas (D:2)
  9 bats
  2 giant newts
  3 kobolds
  6 rats
79 creatures vanquished.

Vanquished Creatures (others)
  A quokka (D:3)
  A rat (D:3)
2 creatures vanquished.

Grand Total: 81 creatures vanquished

Notes
Turn   | Place    | Note
--------------------------------------------------------------
     0 | D:1      | recordrepeat the Hill Orc Fighter began the quest for the Orb.
     0 | D:1      | Reached XP level 1. HP: 19/19 MP: 1/1
   169 | D:1      | Reached XP level 2. HP: 20/27 MP: 2/2
   448 | D:1      | Reached XP level 3. HP: 23/33 MP: 3/3
  1507 | D:2      | Reached XP level 4. HP: 40/40 MP: 4/4
  1771 | D:2      | Found a shimmering altar of Xom.
  2589 | D:2      | Reached XP level 5. HP: 37/46 MP: 5/5
  2755 | D:3      | Found a radiant altar of Vehumet.
  3005 | D:3      | Found a burning altar of Makhleb.
  3007 | D:3      | Noticed Natasha
  3019 | D:3      | Killed Natasha
  3019 | D:3      | Reached skill level 1 in Dodging
  3125 | D:3      | Noticed Robin
  3145 | D:3      | Killed Robin
  3238 | D:3      | Found an oddly glowing altar of Pakellas.
  3360 | D:3      | Reached XP level 6. HP: 48/53 MP: 6/6
  3396 | D:3      | Found a faded altar to an unknown god.
  3427 | D:3      | Noticed Grinder
  3436 | D:3      | Paralysed by Grinder for 2 turns
  3442 | D:3      | Noticed Natasha
  3455 | D:3      | Slain by Natasha

Skill      XL: |  1  2  3  4  5 |
---------------+----------------+-----
Axes           | 3 4 |  4.2
Shields        | 4 |  4.8
Armour         | 4 |  4.3
Fighting       | 4 |  4.4
Dodging        | 1 |  1.2

Action                   |  1- 3 |  4- 6 || total
-------------------------+-------+-------++-------
Melee: War axe           |    94 |   176 ||   270
  Use: Scroll            |       |     1 ||     1
  Eat: Chunk             |     2 |     6 ||     8
Armor: Scale mail        |    60 |    38 ||    98
       Chain mail        |       |    42 ||    42
Dodge: Dodged            |    45 |    42 ||    87
Block: Shield            |    71 |    98 ||   169
